[Event "55th Iranian-ch Men Final 2022"]
[Site "Iran"]
[Date "2022.06.20"]
[Round "8.2"]
[White "Khamisi, S Jafar"]
[Black "Atakhan, Abtin"]
[Result "1/2-1/2"]
[ECO "B35"]
[WhiteElo "2118"]
[BlackElo "2358"]
[Annotator "TA"]
[PlyCount "112"]
[EventDate "2022.06.15"]
[EventType "tourn"]
[EventCountry "IRI"]
[SourceTitle "playchess.com"]
[Source "ChessBase"]
[SourceQuality "1"]
[TimeControl "40/5400+30:1800+30"]

1. e4 c5 2. Nf3 Nc6 3. d4 cxd4 4. Nxd4 g6 5. Nc3 Bg7 6. Be3 Nf6 7. Bc4 Qa5 8. O-O O-O 9. Nb3 Qd8 {[%emt 0:10:13] B35: Sicilian: Accelerated Dragon with 5 Nc3: main line.} 10. Qd2 {[%emt 0:03:23] [#]} d6 $146 ({Predecessor:} 10... Re8 11. Bh6 Bh8 12. Qf4 d6 13. Rad1 Ne5 14. Bb5 Bd7 15. Bxd7 Qxd7 16. Qc1 Qc6 17. Nd4 {1-0 (29) Leosson,A (1773)-Kvamme,I (1444) Reykjavik 2017}) 11. Bh6 (11. Be2 $14) 11... a6 12. Bxg7 Kxg7 13. a4 Na5 14. Nxa5 Qxa5 15. Qd4 Be6 16. Nd5 {[%emt 0:22:28] Against Qb4} Bxd5 17. exd5 Qb4 {[%emt 0:13:02] [#] aiming for ...b5.} 18. c3 Qc5 19. Qxc5 dxc5 20. Rfe1 Rfe8 21. a5 Kf8 22. Rad1 Red8 23. Rd3 Rac8 24. f3 Rc7 25. Kf2 Rcd7 26. Red1 Ne8 27. Ke2 Nd6 28. b3 Kg7 29. R3d2 Kf6 30. f4 Ne4 31. Rd3 Kg7 32. Ke3 Nf6 33. Kf3 Ne8 34. Ke3 Rd6 35. R3d2 Nf6 36. g3 h5 37. h3 Nd7 38. Be2 Nf6 39. Bc4 R6d7 40. Rd3 Ne8 41. Kf3 Rd6 42. Re3 Kf8 43. Rde1 R8d7 44. Rd1 Nc7 45. Red3 $1 Rd8 46. Ke3 Ne8 47. R3d2 Kg7 48. Kf3 Nf6 49. Rd3 Kf8 50. Ke3 Nd7 51. Ra1 b5 52. axb6 $1 Nxb6 53. Ra5 Rc8 54. Ke2 ({Reject} 54. Bxa6 Ra8 55. Rxc5 Rxa6 $17) 54... e6 (54... Kg7 $11) 55. dxe6 (55. Bxa6 $14 Rc7 56. dxe6 Rxe6+ 57. Re3) 55... Nxc4 $11 {[%emt 0:00:30][%mdl 64] [#] Remove Defender} 56. bxc4 Rxe6+ {[%emt 0:00:00] Weighted Error Value: White=0.04 (flawless) /Black=0.03 (flawless)} 1/2-1/2

[Event "55th Iranian-ch Men Final 2022"]
[Site "Iran"]
[Date "2022.06.20"]
[Round "8.3"]
[White "Daneshvar, Bardiya"]
[Black "Mousavi, Seyed Khalil"]
[Result "1/2-1/2"]
[ECO "A80"]
[WhiteElo "2486"]
[BlackElo "2524"]
[Annotator "TA"]
[PlyCount "54"]
[EventDate "2022.06.15"]
[EventType "tourn"]
[EventCountry "IRI"]
[SourceTitle "playchess.com"]
[Source "ChessBase"]
[SourceQuality "1"]
[TimeControl "40/5400+30:1800+30"]

1. d4 f5 2. Bf4 Nf6 3. e3 e6 4. Nf3 b6 5. Bd3 Bb7 6. O-O {[%emt 0:01:06] A80: Dutch Defence: Unusual White second moves.} Bd6 7. Nbd2 O-O {[%emt 0:07:17] [#]} 8. c3 $146 {[%emt 0:03:57] The position is equal.} ({Predecessor:} 8. c4 Ne4 9. Bxd6 cxd6 10. Qc2 Nxd2 11. Nxd2 Qg5 12. e4 Nc6 13. f4 Qh6 14. d5 {0-1 (34) Teich,U (1910)-Hille,R (2061) Germany 2018}) 8... Nh5 (8... Bxf4 $11 9. exf4 Nc6) 9. Bxd6 $14 cxd6 10. Re1 Nc6 11. a4 (11. e4 {is more complex.} Nf4 12. Bf1 Ne7 13. exf5 Nxf5 14. g3) 11... d5 12. Bf1 Nf6 13. Ne5 Nxe5 14. dxe5 Ng4 {[%emt 0:00:43] [#] aiming for ...Qh4.} 15. Nf3 {[%emt 0:00:53] Against Qh4} g5 16. h3 Nh6 17. Nd4 g4 $1 18. f4 Qh4 19. Re2 Ba6 20. Qe1 $36 {[%emt 0:00:00][%mdl 2048] White fights for an advantage.} Qe7 21. Nb5 (21. Rc2 $14 {might be stronger.} Bxf1 22. Kxf1 (22. Qxf1 Kh8 $11)) 21... Bxb5 22. axb5 gxh3 ({Black should play} 22... Kh8 $14) 23. gxh3 $16 Kh8 24. Rg2 Rg8 25. Rxg8+ Nxg8 26. Qd2 Nh6 $2 {[%emt 0:00:38] [#]} ({Better is} 26... Qg7+ $14 27. Qg2 Qe7) 27. Kf2 $2 (27. c4 $1 $18) 27... Nf7 {[%emt 0:03:55] Weighted Error Value: White=0.28 (precise) /Black=0.27 (precise)} 1/2-1/2

[Event "55th Iranian-ch Men Final 2022"]
[Site "Iran"]
[Date "2022.06.20"]
[Round "8.4"]
[White "Daghli, Arash"]
[Black "Ghaem Maghami, Ehsan"]
[Result "1-0"]
[ECO "B90"]
[WhiteElo "2441"]
[BlackElo "2519"]
[Annotator "TA"]
[PlyCount "77"]
[EventDate "2022.06.15"]
[EventType "tourn"]
[EventCountry "IRI"]
[SourceTitle "playchess.com"]
[Source "ChessBase"]
[SourceQuality "1"]
[TimeControl "40/5400+30:1800+30"]

1. e4 c5 2. Nf3 d6 3. d4 cxd4 4. Nxd4 Nf6 5. Nc3 a6 6. Bd3 e5 7. Nde2 Be7 8. O-O Be6 {[%emt 0:11:56] B90: Sicilian Najdorf: Unusual White 6th moves, 6 Be3 Ng4 and 6 Be3 e5.} 9. Ng3 Nbd7 10. a4 {[%emt 0:03:54] [#]} g6 $146 {[%emt 0:06:02] The position is equal.} ({Predecessor:} 10... Rc8 11. Re1 g6 12. h3 O-O 13. Bh6 Re8 14. Qd2 Bf8 15. Bg5 Qa5 16. Red1 h5 {0-1 (63) Samusenko,M (2460)-Chigaev,M (2630) Cheboksary 2021}) 11. h3 h5 12. Re1 h4 13. Nf1 Rc8 14. Ne3 Nc5 15. a5 O-O 16. Ned5 Nxd5 17. Nxd5 Bg5 18. b4 Bxc1 19. Rxc1 Nd7 20. c4 Qg5 21. Kh1 Bxd5 22. exd5 f5 23. Bf1 Qf4 24. Rc2 Nf6 25. Kg1 Kg7 26. Qd3 Rfe8 27. Rd1 e4 28. Qd4 Qe5 29. c5 Qxd4 30. Rxd4 Nd7 $2 (30... dxc5 $11 {and Black stays safe.} 31. bxc5 Red8) 31. c6 $18 Ne5 {[%emt 0:00:00] [#]} 32. b5 $1 axb5 33. Bxb5 Rc7 {[%emt 0:00:00] [#]} (33... Rf8) 34. cxb7 $1 {[%emt 0:00:49] White is clearly winning.} Rxc2 (34... Rxb7 35. Bxe8) 35. Bxe8 Rb2 36. a6 Nd3 {[%emt 0:00:41] [#]} 37. Rxd3 $1 exd3 (37... Rb1+ 38. Rd1) 38. a7 d2 39. Ba4 {[%emt 0:03:01] Weighted Error Value: White=0.08 (flawless) /Black=0.22 (precise)} 1-0

[Event "55th Iranian-ch Men Final 2022"]
[Site "Iran"]
[Date "2022.06.20"]
[Round "8.5"]
[White "Poormosavi, Seyed Kian"]
[Black "Ashraf, Artin"]
[Result "1-0"]
[ECO "D02"]
[WhiteElo "2358"]
[BlackElo "2096"]
[Annotator "TA"]
[PlyCount "121"]
[EventDate "2022.06.15"]
[EventType "tourn"]
[EventCountry "IRI"]
[SourceTitle "playchess.com"]
[Source "ChessBase"]
[SourceQuality "1"]
[TimeControl "40/5400+30:1800+30"]

1. d4 d5 2. Nf3 c6 3. g3 g6 4. Bg2 Nh6 5. O-O Nf5 6. c3 {[%emt 0:02:27] D02: 1 d4 d5 2 Nf3 sidelines, including 2...Nf6 3 g3 and 2...Nf6 3 Bf4.} Bg7 7. Bf4 (7. Nbd2 $14 {is more appropriate.}) 7... O-O 8. Nbd2 {[%emt 0:00:57] White is slightly better.} Nd6 9. Re1 {[%emt 0:00:43] [#]} Bf5 $146 {[%emt 0:05:08] Inhibits e4.} ({Predecessor:} 9... Nd7 10. Qb3 Nf6 11. Rad1 h6 12. h4 Kh7 13. Ne5 Nh5 14. e3 Be6 15. Nd3 b6 {1-0 (48) Uria Aguilera,Y (1946)-Gomez Segura,A (2193) Ciego de Avila 2018}) 10. Nh4 Be6 11. f3 (11. e4 $14) 11... h6 12. e4 g5 13. Bxd6 Qxd6 (13... exd6 $5 14. Nf5 Bxf5 15. exf5 Nd7 $11) 14. Nf5 Bxf5 15. exf5 Nd7 16. Nb3 b6 17. Qd2 Bf6 18. Rad1 b5 19. Qf2 b4 20. Nc1 bxc3 21. bxc3 Qa3 22. Qe3 Nb6 23. Bf1 Rfd8 24. f4 c5 25. fxg5 hxg5 26. Nb3 cxd4 27. cxd4 Kh7 (27... Qxa2 $15 28. h4 Nc4 29. Bxc4 dxc4 30. hxg5 Qxb3 31. gxf6 Qxe3+ 32. Rxe3 exf6) 28. Re2 Rg8 29. g4 Qd6 30. Bg2 Nc4 31. Qf3 Rad8 32. Rc1 Qb8 (32... Qb6 $15) 33. Qf2 {[%emt 0:01:38] [#]} (33. Qh3+ $11 Kg7 34. Bxd5 $1) 33... Qd6 (33... a5 $1 $17) 34. Rec2 (34. Qf3 $11) 34... Rc8 ({Better is} 34... Qf4 $15) 35. Nd2 Rgd8 36. Kh1 Kg7 37. Nf1 Qb6 38. Rd1 Nd6 {[%emt 0:00:36][%cal Of6d4,Bc4d6,Bd6b5,Bb5d4][%mdl 32] White must now prevent ...Bxd4!} 39. Rxc8 Rxc8 40. Bxd5 Nb5 {[%emt 0:00:00] Threatens to win with ...Nc3.} 41. Bg2 Rd8 (41... Nc3 $15 42. Rd3 Qb1) 42. Ng3 Rxd4 43. Rxd4 Nxd4 44. Qe3 (44. Be4 $11) 44... Qb1+ $17 45. Bf1 Kf8 (45... a5 $5 ) 46. a3 a5 (46... Qb2 $5 ) 47. Qe4 Qd1 48. Kg2 Kg7 49. Kh3 Nf3 (49... Qb3 $5 ) 50. Qd3 Nd2 (50... Qxd3 $11 51. Bxd3 Be5) 51. Bg2 (51. a4 $14) 51... Qe1 $11 52. Qd5 a4 53. Qc6 {[%emt 0:00:23] Qe8 is the strong threat.} Qd1 54. Qd7 Qc2 $1 55. Bc6 Qb2 56. Qe8 {[%emt 0:00:27] White threatens Bd5 and mate.} Qxa3 $2 (56... Qb3 $11) 57. Bd5 {[%emt 0:00:20] White mates.} e6 58. fxe6 fxe6 59. Bxe6 Ne4 60. Qf7+ Kh6 61. Bf5 {[%emt 0:00:43] Weighted Error Value: White=0.19 (very precise) /Black=0.26 (precise)} 1-0

[Event "55th Iranian-ch Men Final 2022"]
[Site "Iran"]
[Date "2022.06.20"]
[Round "8.6"]
[White "Naderi, Abdollah"]
[Black "Tahbaz, Arash"]
[Result "0-1"]
[ECO "E66"]
[WhiteElo "2050"]
[BlackElo "2451"]
[Annotator "TA"]
[PlyCount "44"]
[EventDate "2022.06.15"]
[EventType "tourn"]
[EventCountry "IRI"]
[SourceTitle "playchess.com"]
[Source "ChessBase"]
[SourceQuality "1"]
[TimeControl "40/5400+30:1800+30"]

1. d4 Nf6 2. Nf3 g6 3. g3 Bg7 4. Bg2 O-O 5. O-O d6 6. c4 c5 7. Nc3 Nc6 8. d5 Na5 9. Nd2 a6 10. Qc2 Rb8 11. b3 b5 12. Bb2 e5 13. dxe6 Bxe6 {[%emt 0:00:11][%cal Rb5c4] E66: King's Indian: Fianchetto: 6...c5 7 0-0 Nc6 8 d5.} (13... fxe6 {seems wilder.} 14. Rab1 Bb7 15. Bxb7 Rxb7 16. Nce4 Nc6) 14. Nd5 (14. cxb5 $11 axb5 15. Rad1) 14... bxc4 $15 15. Nxf6+ Bxf6 {[%emt 0:00:07] Black is slightly better.} 16. Bxf6 Qxf6 17. bxc4 {[%emt 0:00:51] [#]} Rb4 $146 ({Predecessor:} 17... Rb2 18. Qd3 Qd4 19. Nb3 Nxb3 20. axb3 Qxd3 21. exd3 Rxb3 22. Rfd1 Bg4 23. Rd2 Rfb8 {0-1 (40) Linqvist,G (2065)-Eklund,K (2051) Helsinki 2016}) 18. a3 (18. Bd5 $15) 18... Rb2 $17 19. Qa4 (19. Qd3 $142) 19... Rxd2 {[%emt 0:03:27] Black is more active.} 20. Qxa5 Rxe2 {[%emt 0:00:21] Hoping for ...Rb8.} 21. Qxa6 (21. Rad1 $17 {keeps fighting.}) 21... Rxf2 $1 $19 22. Qxd6 $2 {[%emt 0:00:08] [#]} (22. Rxf2 Qxa1+ 23. Bf1) 22... Rxg2+ $1 {[%emt 0:00:08][%mdl 512] White got outplayed after the opening.  Weighted Error Value: White=1.08/Black=0.00 (flawless)} 0-1

[Event "55th Iranian-ch Men Final 2022"]
[Site "Iran"]
[Date "2022.06.20"]
[Round "8.7"]
[White "Omidi, Arya"]
[Black "Rastbod, Ali"]
[Result "1/2-1/2"]
[ECO "C11"]
[WhiteElo "2321"]
[BlackElo "2362"]
[Annotator "TA"]
[PlyCount "122"]
[EventDate "2022.06.15"]
[EventType "tourn"]
[EventCountry "IRI"]
[SourceTitle "playchess.com"]
[Source "ChessBase"]
[SourceQuality "1"]
[TimeControl "40/5400+30:1800+30"]

1. e4 e6 2. d4 d5 3. Nc3 Nf6 4. e5 Nfd7 5. f4 c5 6. Nf3 Nc6 7. Be3 Be7 8. Qd2 O-O 9. dxc5 Qa5 {[%emt 0:00:13] Against Na4. C11: French: Classical System: 4 e5 and 4 Bg5 dxe4.} 10. O-O-O b6 11. Bb5 Nb4 {[%emt 0:01:28] White is slightly better.} 12. a3 bxc5 13. Bxd7 (13. axb4 cxb4 14. Na4 (14. Bxd7 $2 bxc3 15. Qxc3 Bb4 $19) 14... Qxb5 $17) (13. Kb1 $16) 13... Bxd7 $11 14. axb4 (14. f5 $5 Nc6 15. Bg5 $11) 14... cxb4 15. Nb1 Rfc8 16. Nd4 $1 Qa2 17. Qd3 a5 18. Kd2 Qxb2 19. Ke2 a4 {[%emt 0:00:00] [#]} 20. Kf3 $146 (20. Rd2 $11 {remains equal.}) ({Predecessor:} 20. Nd2 Rc3 21. Rb1 Qa3 22. Ra1 Rxd3 23. cxd3 Qc3 24. Rhc1 Rc8 25. Rxc3 Rxc3 26. Ra2 {0-1 (67) Clarke,B (2445)-Lenderman,A (2648) Douglas 2019}) 20... f6 $17 21. Rhe1 fxe5 22. fxe5 Rc4 ({Black should play} 22... Be8 $17 {And now ...Bh5+ would win.} 23. Nxe6 b3 24. cxb3 (24. Qxd5 $2 Bc6 $19) 24... Bh5+ 25. Kg3 (25. g4 $2 Bxg4+ 26. Kg3 Bxe6 $19) 25... Bxd1 26. Qxd1 Qxe5+ 27. Bf4 Qf5) 23. Kf2 $11 Bc5 {[%emt 0:00:00] Strongly threatening ...a3.} 24. Nf3 $2 (24. Re2 $1 $11 {and White is okay.}) 24... Qxc2+ $2 (24... b3 $19 {and Black stays clearly on top.} 25. Ng5 Qxc2+ 26. Rd2 Qxd3 27. Rxd3 d4) 25. Qxc2 $17 Rxc2+ 26. Rd2 Bxe3+ 27. Kxe3 Rac8 28. Nd4 Rc1 29. Rdd1 Rxd1 30. Rxd1 a3 31. Nd2 Rc3+ {[%emt 0:02:16][%mdl 1024] Black has strong compensation.} 32. Ke2 Kf7 (32... Ba4 $17 33. Rb1 a2) 33. Rb1 $11 a2 (33... Kg6 $11) 34. Ra1 $14 Ra3 {[%emt 0:00:04] White must now prevent ...Ba4.} 35. N2b3 Ba4 36. Nc1 b3 {[%emt 0:00:00] ( -> ...b2)} 37. Nd3 Kg6 (37... Ke7 $142) 38. Kd2 $16 {[%emt 0:00:46] White is more active.} Bd7 {[%emt 0:01:30] [#]} 39. Nb2 (39. Kc1 $1 $16) 39... Kg5 $1 $14 40. Kc3 Ra8 $2 (40... h5 $14) 41. Nd3 $18 Ra4 42. Nf3+ Kf5 43. Kxb3 Bb5 {[%emt 0:00:56] [#]} 44. Nb4 $1 Ra5 45. Nxd5 exd5 {[%emt 0:00:00][%mdl 4096] Endgame KRB-KRN} 46. Kb4 {[%emt 0:00:00][%mdl 64] Deflection} Ra8 {[%emt 0:00:00] aiming for ...Bd3.} 47. Kxb5 $14 {[%emt 0:04:18] Threatens to win with Kc5. KRN-KR} g5 $1 48. e6 Kxe6 49. Nxg5+ Kf5 {[%emt 0:00:00] The position is equal.} 50. Nf3 Ke4 51. Kb4 Ke3 52. Kb3 Rb8+ 53. Kc2 Rc8+ 54. Kd1 Ra8 55. h4 h5 56. Ne1 Kf2 57. Kd2 Kg3 58. Ke2 Kxh4 59. Kf2 Kg4 60. Nd3 h4 61. Nb4 h3 {[%emt 0:00:25] White used his chance.  Weighted Error Value: White=0.23 (precise) /Black=0.38} ({Better is} 61... Rb8 $11) 1/2-1/2

[Event "55th Iranian-ch Men Final 2022"]
[Site "Iran"]
[Date "2022.06.21"]
[Round "9.1"]
[White "Rastbod, Ali"]
[Black "Mosadeghpour, Masoud"]
[Result "1/2-1/2"]
[ECO "B09"]
[WhiteElo "2362"]
[BlackElo "2474"]
[Annotator "TA"]
[PlyCount "28"]
[EventDate "2022.06.15"]
[EventType "tourn"]
[EventCountry "IRI"]
[SourceTitle "playchess.com"]
[Source "ChessBase"]
[SourceQuality "1"]
[TimeControl "40/5400+30:1800+30"]

1. d4 Nf6 2. Nc3 g6 3. e4 d6 4. f4 Bg7 5. Nf3 c5 6. Bb5+ Bd7 7. e5 Ng4 8. e6 fxe6 9. Ng5 Bxb5 10. Nxe6 Bxd4 11. Nxb5 Qa5+ {[%emt 0:00:17] B09: Pirc Defence: Austrian Attack.} 12. c3 {[%emt 0:00:10][%mdl 1024] White has compensation.} Bf2+ {[%emt 0:00:06] The position is equal.} 13. Kd2 Be3+ $1 {[%emt 0:00:05] [#]} 14. Ke1 $146 ({Predecessor:} 14. Kc2 Qa4+ 15. b3 Qe4+ 16. Kb2 Bxc1+ 17. Rxc1 Ne3 18. Nxd6+ exd6 19. Qxd6 Na6 20. Rhd1 Nxd1+ 21. Rxd1 Qc6 22. Qe5 Kf7 23. Qg7+ Kxe6 24. Re1+ Kf5 25. Qe5+ {1-0 (25) Petrosian,T (2610)-Halvax,G (2437) Abu Dhabi 2018}) 14... Bf2+ {[%emt 0:00:09] An interesting draw.} 1/2-1/2

[Event "55th Iranian-ch Men Final 2022"]
[Site "Iran"]
[Date "2022.06.21"]
[Round "9.2"]
[White "Tahbaz, Arash"]
[Black "Omidi, Arya"]
[Result "1-0"]
[ECO "C67"]
[WhiteElo "2451"]
[BlackElo "2321"]
[Annotator "TA"]
[PlyCount "97"]
[EventDate "2022.06.15"]
[EventType "tourn"]
[EventCountry "IRI"]
[SourceTitle "playchess.com"]
[Source "ChessBase"]
[SourceQuality "1"]
[TimeControl "40/5400+30:1800+30"]

1. e4 e5 2. Nf3 Nc6 3. Bb5 Nf6 4. O-O Nxe4 5. d4 Nd6 6. Bxc6 dxc6 7. dxe5 Nf5 8. Qxd8+ Kxd8 9. Nc3 Bd7 10. b3 h6 11. h3 Be7 {[%emt 0:00:06] C67: Ruy Lopez: Berlin Defence: 4 0-0 Nxe4.} ({But not} 11... Bb4 12. Bb2 $14) 12. Bb2 a5 13. Rad1 Kc8 {[%emt 0:00:16] The position is equal.} 14. g4 {[%emt 0:02:22] [#] aiming for Rxd7.} Nh4 15. Nxh4 Bxh4 16. f4 b6 17. f5 Re8 18. Ne4 c5 19. e6 fxe6 20. f6 gxf6 21. Nxf6 Rd8 22. Nxd7 Rxd7 23. Rf8+ Kb7 24. Rxd7 Rxf8 $11 {[%emt 0:00:02][%mdl 4096] [#] Endgame KRB-KRB} 25. Bg7 $146 ({Predecessor:} 25. Be5 Kc6 26. Rh7 Kd5 27. Bxc7 Bg5 28. Kg2 e5 29. Rd7+ Ke4 {½-½ (29) Borwell,A (2215)-Sesko,M (1948) ICCF email 2008}) 25... Rf3 (25... Rf2 $5 ) 26. Rd3 Rxd3 ({Better is} 26... Rf2 $11) 27. cxd3 {[%emt 0:00:02] KB-KB} Bg5 28. Kf2 {[%emt 0:04:18] Black must now prevent Be5.} Kc6 29. Be5 $1 b5 30. a4 $1 bxa4 $2 {[%emt 0:00:09][%mdl 8192] White stays focused until the end.} ({Black should try} 30... b4 $14) 31. bxa4 $18 c4 32. dxc4 Kc5 (32... Bh4+ $142 33. Ke2 Be7) 33. Bxc7 Kb4 34. Ke2 Kxa4 35. Kd3 Be7 36. Bf4 Kb3 (36... Bg5 $142 37. Bd6 Bd8) 37. Bxh6 {[%emt 0:01:39] Threatening mate with g5.} a4 38. g5 {[%emt 0:05:27][%cal Oc4c5] Intending c5! and mate.} a3 {[%emt 0:00:52] [#]} 39. g6 $2 (39. c5 $1 $18 {White threatens g6 and mate.} Ka4 40. g6) 39... e5 $2 (39... Bd6 $11 40. g7 a2) 40. g7 {[%emt 0:00:00] White mates.} a2 41. g8=Q e4+ 42. Kxe4 a1=Q {[%emt 0:00:30] KQB-KQB} 43. c5+ $1 Kb4 44. Bd2+ Kb5 45. Qb8+ Kxc5 46. Qc7+ Kb5 47. Qb7+ Kc5 48. Qxe7+ Kc6 49. Qe8+ {[%emt 0:46:58] Weighted Error Value: White=0.18 (very precise) /Black=0.60} 1-0

[Event "55th Iranian-ch Men Final 2022"]
[Site "Iran"]
[Date "2022.06.21"]
[Round "9.3"]
[White "Ashraf, Artin"]
[Black "Naderi, Abdollah"]
[Result "1-0"]
[ECO "A61"]
[WhiteElo "2096"]
[BlackElo "2050"]
[Annotator "NA RC"]
[PlyCount "76"]
[EventDate "2022.06.15"]
[EventType "tourn"]
[EventCountry "IRI"]
[SourceTitle "playchess.com"]
[Source "ChessBase"]
[SourceQuality "1"]
[TimeControl "40/5400+30:1800+30"]

1. d4 Nf6 2. c4 c5 3. d5 e6 4. Nc3 exd5 5. cxd5 d6 6. Nf3 g6 7. Bf4 a6 8. Nd2 Bg7 9. Nc4 O-O 10. a4 Nbd7 11. Nxd6 Nb6 12. a5 Nh5 13. Nxc8 Rxc8 14. Bc1 Nc4 15. g4 Nf6 16. Bg2 Nxg4 17. h3 Nxf2 18. Kxf2 Qh4+ 19. Kf1 Bd4 20. Qe1 Qf6+ 21. Bf3 Rfe8 22. Ra4 Ne3+ 23. Bxe3 Rxe3 24. Qg3 Re5 25. h4 Rce8 26. Kg2 b5 27. Rxd4 cxd4 28. Nd1 Qd8 29. Nf2 Qxa5 30. Qf4 Qb6 31. Rd1 Qd8 32. Ng4 Rxe2+ 33. Bxe2 Rxe2+ 34. Kf1 Rc2 35. Re1 Kg7 36. Qh6+ Kh8 37. Qg5 Rc8 38. Qe5+ f6 1-0

[Event "55th Iranian-ch Men Final 2022"]
[Site "Iran"]
[Date "2022.06.21"]
[Round "9.4"]
[White "Ghaem Maghami, Ehsan"]
[Black "Poormosavi, Seyed Kian"]
[Result "1-0"]
[ECO "E33"]
[WhiteElo "2519"]
[BlackElo "2358"]
[Annotator "TA"]
[PlyCount "188"]
[EventDate "2022.06.15"]
[EventType "tourn"]
[EventCountry "IRI"]
[SourceTitle "playchess.com"]
[Source "ChessBase"]
[SourceQuality "1"]
[TimeControl "40/5400+30:1800+30"]

1. Nf3 Nf6 2. d4 e6 3. c4 Nc6 4. Nc3 Bb4 5. Qc2 O-O 6. e4 {[%emt 0:10:22] E33: Nimzo-Indian: Classical: 4...Nc6.} d6 7. e5 dxe5 8. dxe5 {[%emt 0:00:12] The position is equal.} Ng4 9. Bf4 {[%emt 0:02:24] Black must now prevent Rd1.} Bc5 {[%emt 0:02:44] Hoping for ...Nb4.} 10. Bg3 {[%emt 0:09:53] [#]} Nd4 $146 ({Predecessor:} 10... f5 11. h3 Nh6 12. Rd1 Qe8 13. Bf4 Nf7 14. a3 a5 15. Be2 Bd7 16. Nb5 Qc8 {½-½ (35) Fodor,T (2502)-Berescu,A (2516) Baia Sprie 2012}) 11. Nxd4 Bxd4 (11... Qxd4 $2 12. Rd1 Ne3 13. fxe3 $18) 12. Rd1 c5 13. Bd3 f5 14. exf6 $1 Nxf6 15. O-O h6 (15... Bd7 $14) 16. Nb5 {[%emt 0:05:32] White is more active.} e5 17. b4 Bg4 18. Be2 (18. Rd2 $16) 18... Bxe2 $1 $11 19. Qxe2 Qb6 20. Nxd4 exd4 21. bxc5 Qxc5 22. Qe6+ Rf7 $1 23. Bd6 Qc6 {[%emt 0:00:58] Strongly threatening ...Re8.} 24. Rxd4 Re8 25. Qf5 Ne4 26. Qb5 Qxb5 27. cxb5 Nc3 {[%emt 0:00:05][%csl LRa2,LRb5] And now ...Ne2+ would win.} 28. Rb4 Nxa2 29. Rb3 Re2 30. Ra3 Rc2 31. Be5 b6 32. h4 Nb4 33. Bb8 Nd5 34. Rd1 Rc8 {[%emt 0:00:35] [#]} (34... Nc3 {keeps more tension.} 35. Rd8+ Kh7 36. Rb3 Ne2+) 35. Rxa7 $1 Rxa7 ({Don't take} 35... Nc3 36. Rxf7 Kxf7 37. Rd7+ Kf6 38. Rd6+ Kf5 39. Rxb6 $16) 36. Bxa7 {[%emt 0:00:07][%mdl 4096] Endgame KRB-KRN} Rc5 37. Rb1 Rc8 {[%emt 0:00:45] Prevents Bb8.} 38. Kf1 Kf7 39. Ra1 Rc5 40. Bb8 Rxb5 41. Ra7+ Kf6 42. h5 Ne7 43. Bc7 Rxh5 44. Bxb6 Rd5 {[%emt 0:00:44] Against Bd4+} 45. Ba5 Ke6 46. Bc3 g6 47. Ke2 h5 48. Bd2 Nf5 49. Ra2 Nd4+ 50. Ke3 Nf5+ 51. Kf3 Rd3+ 52. Ke2 Rd6 53. Bc3 Rc6 54. Ba1 Rd6 55. Kf3 Rb6 56. Ra4 Rd6 57. g3 Rd5 58. Bb2 Rd3+ 59. Ke2 Rd6 60. Bc3 Rc6 61. Ba1 Rd6 62. Kf3 Rd5 63. Ra2 Ne7 64. Ke4 Nf5 65. Kf4 Nd6 66. Kf3 Nf5 67. Ra6+ Rd6 68. Ra8 Rd3+ 69. Kf4 Rd2 70. f3 Rd6 71. Rf8 Ke7 72. Ra8 Rc6 73. Ra4 Kf7 74. g4 hxg4 75. fxg4 Ne7 76. Kg5 Rc5+ 77. Kh6 Rc1 78. Rf4+ Ke6 (78... Nf5+ $11 79. gxf5 Rh1+ 80. Kg5 Rg1+ 81. Rg4 Rxg4+ 82. Kxg4 gxf5+ 83. Kxf5) 79. Bb2 Rh1+ (79... Rc2 $11 80. Ba1 Nd5) 80. Kg7 $16 Rh3 81. Re4+ Kd7 82. Bf6 Nd5 83. g5 Re3 (83... Rf3 $142) 84. Ra4 (84. Rxe3 $142 {Intending Rd3 and mate.} Nxe3 85. Kxg6) 84... Ke6 85. Kxg6 Rb3 86. Re4+ Kd6 87. Re8 Rf3 {[%emt 0:00:39] [#]} (87... Nf4+ $16 88. Kf5 Nh3) 88. Kf7 $1 $18 Kd7 {[%emt 0:00:12] [#]} 89. Re5 $1 Kd6 90. Re6+ Kd7 91. g6 {[%emt 0:00:34][%cal Bg5g6,Bg6g7][%mdl 32] g7 would kill now.} Nf4 $2 (91... Ne3 $18) 92. Re7+ {[%emt 0:00:42] White mates.} Kd6 93. g7 Nh5 94. Re6+ Kd5 {[%emt 0:01:41] Weighted Error Value: White=0.06 (flawless) /Black=0.05 (flawless)} 1-0